Map: Ascension to Aiur LE

Players

Dayshi - Winner!

  • Race: Terran Terran
  • Spawn Location: 11:00

Elroye

  • Race: Zerg Zerg
  • Spawn Location: 5:00

Event: WCS Valencia 2017

VOD

Have the link to the VOD?

Description

Time

  • Played on: July 13, 2017, 11:53 a.m.
  • Length: 12:26

All games in this series

Show
View Real Time Build Order
Export as new Build Order

Dayshi Terran - Winner!

Build Orders: Hellion Banshee, MMM Bio 

Get SALT Encoding   

  12  0:00  SCV  
  13  0:12  SCV  
  14  0:17  Supply Depot  
  14  0:24  SCV  
  15  0:39  SCV  
  15  0:41  Barracks  
  16  0:51  SCV  
  17  0:58  Barracks  
  17  1:03  SCV  
  18  1:06  Refinery  
  18  1:17  SCV  
  19  1:27  Marine  
  19  1:29  Orbital Command  
  20  1:38  Bunker  
  20  1:41  Supply Depot  
  20  1:45  Marine  
  20  1:47  Marine  
  22  1:56  SCV  
  23  2:04  Marine x2  
  25  2:14  SCV  
  25  2:15  Bunker  
  26  2:19  Factory  
  26  2:24  Bunker  
  26  2:26  SCV  
  26  2:29  Marine  
  28  2:35  Marine  
  27  2:47  Marine  
  27  2:50  Refinery  
  28  2:51  SCV  
  28  2:53  Marine, Supply Depot  
  30  3:04  SCV, Starport  
  30  3:05  Factory Reactor  
  31  3:16  SCV  
  32  3:28  SCV  
  32  3:29  Marine x2  
  34  3:40  SCV  
  35  3:48  Hellion x2  
  35  3:49  Starport Tech Lab  
  35  3:59  Command Center  
  35  4:00  SCV  
  36  4:09  Cloaking Field  
  31  4:11  Banshee  
  31  4:14  SCV  
  34  4:21  Supply Depot  
  36  4:31  Hellion x2  
  36  4:33  SCV  
  39  4:50  Armory  
  39  4:54  Hellion, Banshee  
  39  4:57  Hellion  
  46  5:00  SCV  
  47  5:18  Hellion x2  
  51  5:22  SCV  
  51  5:28  Orbital Command  
  52  5:34  SCV  
  53  5:46  SCV  
  52  5:53  Command Center  
  52  5:58  Hellion x2  
  52  6:02  SCV  
  52  6:03  SCV  
  58  6:05  Barracks Reactor  
  58  6:09  Barracks  
  58  6:18  Stimpack, Marine  
  56  6:23  SCV x2  
  56  6:24  Starport Reactor  
  58  6:28  Engineering Bay  
  58  6:30  Engineering Bay  
  58  6:34  Supply Depot  
  58  6:35  SCV x2  
  58  6:36  Marine  
  61  6:42  Marine  
  61  6:44  Marine  
  61  6:47  SCV  
  62  6:56  SCV  
  62  6:59  SCV  
  60  7:08  Orbital Command, SCV, Terran Infantry Weapons Level 1  
  55  7:09  Terran Infantry Armor Level 1  
  55  7:12  Refinery  
  55  7:13  Refinery  
  49  7:16  Marine x3  
  49  7:17  Barracks  
  49  7:19  Factory Reactor  
  49  7:21  Medivac x2  
  56  7:23  SCV  
  56  7:24  SCV  
  56  7:25  Barracks  
  58  7:31  Marine  
  58  7:32  Marine  
  58  7:33  Marine, Orbital Command  
  58  7:36  SCV x2  
  63  7:39  Marine x2  
  65  7:46  Supply Depot  
  65  7:47  Supply Depot  
  65  7:49  Marine x2, SCV x2, Supply Depot  
  69  7:51  Marine  
  69  7:56  Marine  
  69  7:57  Medivac x2  
  75  8:02  Marine  
  76  8:07  Marine  
  76  8:09  SCV  
  76  8:10  SCV x2  
  76  8:11  Barracks Reactor x2  
  80  8:13  Marine  
  80  8:14  Marine x2  
  80  8:19  Missile Turret  
  80  8:20  Missile Turret  
  80  8:21  Missile Turret  
  80  8:23  Combat Shields  
  80  8:28  Widow Mine x2  
  84  8:36  Marine x5  
  85  8:41  Medivac x2  
  85  8:48  Marine x2  
  85  8:49  Marine  
  85  8:52  Marine  
  85  8:53  SCV x3, Marine  
  85  8:54  Marine x3  
  89  8:56  Bunker  
  89  8:57  Marine  
  89  9:04  Factory Tech Lab  
  89  9:06  Marine  
  89  9:08  Terran Infantry Weapons Level 2  
  89  9:09  Terran Infantry Armor Level 2  
  90  9:11  Terran Vehicle Weapons Level 1  
  88  9:18  Marine  
  88  9:19  Marine x7  
  88  9:22  Medivac  
  98  9:24  Marine, Medivac  
  101  9:36  Marine  
  101  9:37  Marine x2  
  101  9:38  Marauder  
  106  9:39  Marine x2  
  106  9:42  Marine x3  
  106  9:43  Siege Tank  
  101  9:47  SCV  
  101  9:48  SCV x2  
  91  9:54  Marine  
  91  9:55  Marine x2  
  91  9:59  Marine x4  
  87  10:00  SCV x2  
  87  10:05  Marine  
  87  10:07  SCV  
  87  10:12  SCV  
  87  10:13  SCV  
  89  10:15  Siege Tank  
  89  10:19  Marine  
  89  10:20  Marine x3  
  96  10:23  SCV  
  96  10:24  SCV  
  96  10:25  SCV  
  99  10:30  Marine x3  
  99  10:31  Supply Depot x2  
  99  10:34  Medivac x2  
  99  10:35  Marine  
  107  10:38  Marine x2  
  109  10:46  Marine  
  108  10:51  Marine  
  108  10:52  Siege Tank, Marine x2  
  113  10:57  Marine  
  113  11:01  Marine x4  
  113  11:04  Marine, Medivac x2  
  120  11:09  Marine  
  120  11:10  Marine x2  
  116  11:15  Marine  
  117  11:18  Marine  
  117  11:19  Marauder, Marine x2  
  117  11:22  Marine  
  117  11:24  Barracks x2  
  117  11:25  Supply Depot  
  123  11:26  Supply Depot  
  123  11:34  Medivac  
  125  11:46  Siege Tank, Medivac  
  125  11:49  Marine x6  
  125  11:50  Marauder  
  131  11:55  Marine  
  130  12:06  Marine  
  130  12:07  Marine x3  
Show
View Real Time Build Order
Export as new Build Order

Elroye Zerg 

Build Orders: Hatch First 

Get SALT Encoding   

  12  0:01  Drone  
  13  0:13  Overlord  
  13  0:16  Drone  
  14  0:31  Drone x2  
  16  0:36  Drone  
  17  0:52  Hatchery  
  17  0:55  Drone  
  17  0:59  Drone  
  18  1:06  Extractor  
  17  1:15  Spawning Pool  
  17  1:16  Drone  
  17  1:19  Drone  
  18  1:30  Drone  
  19  1:39  Overlord  
  19  2:01  Queen, Zergling x2  
  19  2:02  Zergling x2  
  19  2:03  Queen  
  19  2:05  Zergling x2  
  26  2:12  Metabolic Boost  
  26  2:13  Zergling x2  
  28  2:15  Zergling x2  
  28  2:21  Spine Crawler  
  28  2:22  Zergling x2  
  28  2:26  Zergling x2  
  28  2:39  Zergling x4  
  28  2:43  Queen  
  31  2:44  Zergling x2  
  32  2:51  Zergling x2  
  32  2:55  Zergling x2  
  34  2:59  Zergling x2  
  35  3:07  Zergling x2  
  36  3:18  Zergling x4  
  33  3:25  Zergling x2  
  29  3:32  Zergling x4  
  27  3:43  Zergling x4  
  28  3:49  Zergling x2  
  28  3:53  Queen  
  28  3:55  Zergling x2  
  32  3:58  Queen  
  32  4:01  Zergling x2  
  31  4:12  Drone x2  
  31  4:14  Drone  
  34  4:19  Spore Crawler, Hatchery  
  34  4:20  Spore Crawler, Drone  
  34  4:23  Drone x2  
  34  4:24  Drone  
  36  4:29  Drone  
  35  4:33  Overlord  
  35  4:37  Extractor x2, Drone x2  
  36  4:40  Overlord  
  37  4:52  Spore Crawler  
  36  4:59  Drone x2  
  39  5:00  Drone x2  
  39  5:02  Drone  
  39  5:03  Drone  
  39  5:04  Drone x2  
  39  5:06  Drone  
  45  5:07  Drone  
  46  5:19  Zergling x8  
  50  5:26  Lair  
  50  5:29  Zergling x2  
  50  5:30  Extractor  
  50  5:48  Drone x3  
  51  5:51  Overlord  
  51  5:52  Extractor  
  50  5:58  Drone  
  50  5:59  Overlord  
  51  6:07  Extractor  
  50  6:16  Overlord  
  50  6:17  Drone x2  
  50  6:18  Drone x2  
  54  6:21  Drone x4  
  54  6:22  Hatchery, Drone x2  
  59  6:31  Spire  
  58  6:40  Drone x2  
  58  6:41  Evolution Chamber  
  59  6:51  Overlord  
  59  7:03  Zergling x12  
  59  7:04  Zergling x4  
  62  7:11  Overseer  
  62  7:13  Queen  
  62  7:15  Drone x2  
  64  7:17  Roach Warren  
  62  7:40  Zerg Missile Weapons Level 1  
  62  7:44  Mutalisk x7  
  62  7:47  Drone x3  
  79  8:11  Overlord x2  
  79  8:12  Glial Reconstitution  
  79  8:15  Roach x5  
  79  8:16  Overlord  
  89  8:22  Overlord  
  94  8:34  Roach x8  
  95  8:44  Roach  
  95  8:45  Roach x6  
  98  8:56  Queen, Roach x3  
  98  9:02  Roach x2  
  110  9:03  Roach  
  110  9:05  Roach  
  110  9:08  Roach  
  116  9:17  Ravager x2  
  116  9:20  Ravager  
  116  9:23  Zergling x6  
  122  9:24  Overlord x2  
  84  9:53  Roach x9  
  84  9:59  Roach x3  
  82  10:07  Roach x4  
  82  10:10  Ravager  
  82  10:12  Roach  
  91  10:19  Roach x2  
  91  10:20  Roach  
  97  10:32  Drone  
  97  10:33  Drone x2  
  100  10:46  Drone x8  
  100  10:47  Queen, Drone  
  104  10:58  Drone  
  104  10:59  Drone x2  
  105  11:10  Drone x5  
  105  11:11  Drone x2  
  109  11:13  Extractor  
  109  11:14  Extractor  
  103  11:24  Hatchery  
  103  11:25  Infestation Pit  
  101  11:29  Queen  
  103  11:33  Roach  
  103  11:34  Roach  
  103  11:39  Zergling x2  
  109  11:40  Zergling x2, Roach x4  
  109  11:44  Roach  
  110  11:50  Roach  
  110  11:52  Ravager x2  
  97  12:09  Hatchery  
Tags
 
Add a new tag
Caveats
  • Supply blocks, unpowered buildings, or Contaminate may cause inaccurate times.
  • Supply counts are checked every 10 seconds.